 Dungeon Crawl Stone Soup version 0.20-a0-9-g62d82d9 (webtiles) character file.

655 dobroeutro the Gusty (level 7, 0/36 HPs)
             Began as a Tengu Air Elementalist on Nov 1, 2016.
             Shot with an arrow by a centaur (12 damage)
             ... on level 5 of the Dungeon.
             The game lasted 00:19:06 (6129 turns).

dobroeutro the Gusty (Tengu Air Elementalist)       Turns: 6129, Time: 00:19:06

Health: 0/36       AC:  5    Str: 10    XL:     7   Next: 54%
Magic:  11/15      EV: 13    Int: 16    God:
Gold:   258        SH:  0    Dex: 14    Spells: 3 memorised, 7 levels left

rFire  . . .     SeeInvis .     r - +0 rapier
rCold  . . .     Gourm    .     z - +2 robe
rNeg   . . .     Faith    .     (no shield)
rPois  .         Spirit   .     (helmet restricted)
rElec  .         Reflect  .     (no cloak)
rCorr  .         Harm     +     l - +0 pair of gloves
MR     .....                    (boots unavailable)
Stlth  ++........               t - amulet of harm
                                (no ring)
                                g - ring of wizardry

@: no status effects
A: beak, talons 3, able to fly 1
a: Fly


You were on level 5 of the Dungeon.
You were not hungry.

You visited 2 branches of the dungeon, and saw 6 of its levels.

You collected 258 gold pieces.

Inventory:

Hand Weapons
 r - a +0 rapier (weapon)
Armour
 l - a +0 pair of gloves (worn)
 z - a +2 robe (worn)
Jewellery
 g - a ring of wizardry (left hand)
 t - an amulet of harm (around neck)
Wands
 h - a wand of random effects (8/48)
Scrolls
 j - a scroll of blinking {unknown}
 m - 4 scrolls of remove curse
 n - 4 scrolls of identify {unknown}
 o - a scroll of recharging {unknown}
 q - 2 scrolls of magic mapping {unknown}
 v - 3 scrolls of teleportation {unknown}
 y - a scroll of fear {unknown}
 A - a scroll of random uselessness {unknown}
Potions
 a - a potion of haste {unknown}
 c - a potion of ambrosia {unknown}
 i - a potion of heal wounds {unknown}
 p - 2 potions of degeneration {unknown}
 s - 4 potions of curing
 u - a potion of cure mutation {unknown}
 B - a potion of beneficial mutation {unknown}
Books
 b - a book of Air

   Spells                             Type                      Level
   a - Shock                          Conjuration/Air              1
   b - Swiftness                      Charms/Air                   2
   c - Repel Missiles                 Charms/Air                   2
   d - Static Discharge               Conjuration/Air              3
   e - Lightning Bolt                 Conjuration/Air              5
Comestibles
 f - a beef jerky
 k - 2 meat rations
 w - 4 fruits


   Skills:
 - Level 2.8 Dodging
 - Level 2.4 Stealth
 - Level 0.4 Unarmed Combat
 + Level 4.9 Spellcasting
 + Level 5.4 Conjurations
 + Level 6.5 Air Magic


You had 7 spell levels left.
You knew the following spells:

 Your Spells              Type           Power        Failure   Level  Hunger
a - Shock                 Conj/Air       ###.         1%          1    None
b - Repel Missiles        Chrm/Air       ##....       3%          2    ##.....
c - Lightning Bolt        Conj/Air       ###.......   16%         5    ######.


Dungeon Overview and Level Annotations

Branches:
Dungeon (5/15)             Temple (1/1) D:4

Altars:
Ashenzari
Cheibriados
Dithmenos
Elyvilon
Fedhas
Gozag
Hepliaklqana
Kikubaaqudgha
Makhleb
Nemelex Xobeh
Okawaru
Qazlal
Ru
Trog
Uskayaw
Xom
Yredelemnul
Zin
The Shining One

Annotations:
D:5 dobroeutro's ghost, novice GrFi


Innate Abilities, Weirdness & Mutations

You have a beak for a mouth.
You have claws for feet.
You can fly.


Message History

The centaur wields a shortbow.
The centaur shoots an arrow.
The arrow hits you!
Casting: Shock
Confirm with . or Enter, or press ? or * to list all spells.
Aiming: Shock
Press: ? - help, Shift-Dir - straight line, f/p - centaur
Aim: a centaur, wielding a shortbow (heavily wounded)
The zap hits the centaur.
The centaur is heavily wounded.
The centaur shoots an arrow.
The arrow misses you.
The centaur shoots an arrow.
The arrow hits you!
Casting: Shock
Confirm with . or Enter, or press ? or * to list all spells.
Aiming: Shock
Press: ? - help, Shift-Dir - straight line, f/p - centaur
Aim: a centaur, wielding a shortbow (heavily wounded)
The zap hits the centaur.
The centaur is severely wounded.
The centaur shoots an arrow.
The arrow hits you.
The centaur shoots an arrow.
The arrow hits you!
You die...

c.. #.# #.# ... ##.## #...
#..#.# #.@#.# # #......... #
#.#########........
..#.#.#......##.#.#..#.
##.#.#........##.#.#....#
..............##.#.#..#.#
..............##.#.#.....
...).............#)#..#.#
......._.........#.#..#.#####


You could see a centaur.

Vanquished Creatures
  Sigmund (D:4)
  Eustachio (D:5)
  A bullfrog (D:4)
  An iguana (D:5)
  A worker ant (D:4)
  Ijyb (D:2)
  Robin (D:2)
  3 gnolls (D:3)
  4 adders
  A shadow imp (D:5)
  2 oozes (D:1)
  3 worms
  3 dart slugs
  3 leopard geckos
  6 orcs
  2 ball pythons
  A giant cockroach (D:3)
  19 goblins
  12 hobgoblins
  9 jackals
  7 kobolds
  4 quokkas (D:2)
  7 bats
  3 frilled lizards
  9 rats
105 creatures vanquished.

Notes
Turn   | Place    | Note
-------+----------+-------------------------------------------
     0 | D:1      | dobroeutro the Tengu Air Elementalist began the quest for the Orb.
     0 | D:1      | Reached XP level 1. HP: 10/10 MP: 4/4
   327 | D:1      | Reached XP level 2. HP: 2/15 MP: 6/6
   576 | D:1      | Learned a level 2 spell: Repel Missiles
   984 | D:1      | Reached XP level 3. HP: 18/19 MP: 4/7
  1317 | D:2      | Noticed Robin
  2524 | D:1      | Reached XP level 4. HP: 9/24 MP: 3/8
  3019 | D:2      | Killed Robin
  3318 | D:2      | Noticed Ijyb
  3325 | D:2      | Killed Ijyb
  3325 | D:2      | Reached skill level 5 in Air Magic
  3325 | D:2      | Gained mutation: You can fly. [Tengu growth]
  3325 | D:2      | Reached XP level 5. HP: 28/28 MP: 2/10
  3332 | D:2      | Learned a level 5 spell: Lightning Bolt
  3350 | D:2      | You fall through a shaft!
  3628 | D:3      | Found a sacrificial altar of Ru.
  4513 | D:4      | Noticed Sigmund
  4518 | D:4      | Killed Sigmund
  4518 | D:4      | Reached XP level 6. HP: 8/32 MP: 6/13
  4780 | D:4      | Found a stormy altar of Qazlal.
  4819 | D:4      | Found a staircase to the Ecumenical Temple.
  4917 | Temple   | Entered the Ecumenical Temple
  5085 | D:4      | Reached skill level 6 in Air Magic
  5085 | D:4      | Reached XP level 7. HP: 22/36 MP: 6/14
  5520 | D:4      | Found a sparkling altar of Nemelex Xobeh.
  5520 | D:4      | Found an opulent altar of Gozag.
  5833 | D:5      | Entered Level 5 of the Dungeon
  5849 | D:5      | Reached skill level 5 in Conjurations
  5865 | D:5      | Noticed Eustachio
  5882 | D:5      | Noticed dobroeutro's ghost (novice GrFi)
  5890 | D:5      | Killed Eustachio
  6007 | D:5      | Found a shattered altar of Ashenzari.
  6129 | D:5      | Shot with an arrow by a centaur

Vault maps used:
D:1:      dpeg_arrival_boxorama, nrook_loot_triangle, minmay_tetromino_o4
D:2:      kennysheep_generic_room_16, uniq_iyjb, uniq_robin
D:3:      nicolae_overflow_crystal_walls
D:4:      grunt_temple_overflow_opulence, lemuel_doored_altar, uniq_sigmund
D:5:      ashenzari_altar_1, basic_altar, first_bread, uniq_prince_ribbit1,
          uniq_eustachio
Temple:   nicolae_temple_great_sept

Skill      XL: |  1  2  3  4  5  6  7 |
---------------+----------------------+-----
Conjurations   | 2 3 4 5 |  5.4
Air Magic      | 5 6 |  6.5
Spellcasting   | 4 |  4.9
Dodging        | |  2.8
Stealth        | |  2.4
Unarmed Combat | |  0.4

Action                   |  1- 3 |  4- 6 |  7- 9 || total
-------------------------+-------+-------+-------++-------
Melee: Unarmed           |    11 |       |       ||    11
       Dagger            |    38 |       |       ||    38
       Kick              |    10 |     7 |     1 ||    18
       Peck              |     8 |    12 |     2 ||    22
       War axe           |       |    62 |     4 ||    66
 Cast: Shock             |    82 |   108 |    39 ||   229
  Use: Scroll            |     3 |       |       ||     3
 Stab: Sleeping          |     2 |     3 |       ||     5
  Eat: Chunk             |     6 |     3 |       ||     9
       Bread ration      |       |     1 |     1 ||     2
       Pizza             |       |       |     1 ||     1
Armor: Robe              |     3 |    21 |     1 ||    25
Dodge: Dodged            |    57 |    78 |     5 ||   140
